Map: Simulacrum LE

Players

Majadra

  • Race: Protoss Protoss
  • League: Master
  • Spawn Location: 5:00

MikeHawk - Winner!

  • Race: Terran Terran
  • League: Master
  • Spawn Location: 11:00

VOD

Have the link to the VOD?

Description

Time

  • Played on: Dec. 18, 2019, 3:52 p.m.
  • Length: 7:45
Show
View Real Time Build Order
Export as new Build Order

Majadra Protoss 

Build Orders: 1 Gate Expand, Blink Stalkers 

Get SALT Encoding   

  12  0:00  Probe  
  13  0:13  Probe  
  14  0:18  Pylon  
  14  0:25  Probe (Chrono Boost)  
  15  0:37  Probe (Chrono Boost)  
  15  0:38  Gateway  
  16  0:46  Probe (Chrono Boost), Assimilator  
  17  0:51  Probe  
  18  1:03  Probe  
  19  1:15  Probe  
  20  1:28  Nexus  
  20  1:35  Cybernetics Core  
  20  1:37  Probe  
  20  1:43  Assimilator  
  20  1:49  Pylon  
  20  1:53  Probe  
  21  2:05  Probe  
  22  2:08  Stalker (Chrono Boost)  
  22  2:13  Warp Gate  
  24  2:17  Probe  
  25  2:29  Twilight Council  
  26  2:30  Probe  
  26  2:40  Probe  
  26  2:41  Stalker (Chrono Boost)  
  26  2:42  Probe  
  30  2:56  Probe x2 (Chrono Boost)  
  32  3:05  Stalker (Chrono Boost)  
  33  3:08  Probe (Chrono Boost)  
  33  3:09  Probe (Chrono Boost)  
  33  3:10  Blink (Chrono Boost)  
  36  3:16  Probe  
  37  3:20  Probe  
  37  3:24  Pylon  
  38  3:29  Probe  
  38  3:32  Probe  
  40  3:39  Gateway  
  40  3:41  Robotics Facility  
  41  3:48  Probe x2  
  41  3:51  Assimilator  
  42  4:00  Probe x2  
  42  4:01  Stalker  
  46  4:09  Pylon  
  46  4:12  Probe x2  
  48  4:24  Probe  
  49  4:31  Probe  
  49  4:36  Stalker x2, Probe  
  55  4:43  Probe  
  43  4:55  Probe x2  
  45  5:02  Stalker x2  
  45  5:05  Forge  
  45  5:06  Nexus  
  49  5:07  Pylon, Probe, Forge  
  49  5:08  Probe  
  51  5:18  Observer (Chrono Boost)  
  51  5:19  Probe  
  51  5:20  Probe  
  54  5:31  Probe (Chrono Boost)  
  54  5:32  Probe (Chrono Boost)  
  56  5:36  Protoss Ground Weapons Level 1 (Chrono Boost), Protoss Ground Armor Level 1 (Chrono Boost)  
  56  5:42  Probe x2 (Chrono Boost)  
  58  5:43  Gateway  
  58  5:44  Gateway  
  58  5:45  Observer  
  58  5:47  Probe (Chrono Boost)  
  60  5:51  Probe  
  60  5:54  Charge (Chrono Boost)  
  61  5:57  Probe  
  62  6:08  Probe  
  62  6:10  Probe  
  62  6:11  Photon Cannon  
  64  6:16  Stalker  
  66  6:19  Stalker  
  66  6:20  Probe  
  66  6:22  Probe  
  66  6:25  Probe  
  71  6:26  Pylon  
  69  6:44  Probe x2  
  69  6:45  Stalker x4  
  79  6:52  Gateway  
  79  6:53  Gateway  
  79  6:55  Probe, Gateway x2  
  79  6:56  Probe  
  80  7:08  Probe  
  80  7:09  Zealot x2  
  80  7:10  Zealot x2  
  61  7:37  Zealot x3  
  61  7:38  Zealot  
Show
View Real Time Build Order
Export as new Build Order

MikeHawk Terran - Winner!

Build Orders: Reaper Expand 

Get SALT Encoding   

  12  0:00  SCV  
  13  0:13  SCV  
  14  0:17  Supply Depot  
  14  0:25  SCV  
  15  0:38  SCV  
  15  0:42  Barracks  
  16  0:46  Refinery  
  16  0:51  SCV  
  17  1:03  SCV  
  18  1:15  SCV  
  19  1:30  Orbital Command, Reaper  
  20  1:48  Command Center  
  20  1:56  SCV  
  20  1:57  Supply Depot  
  21  2:02  Marine  
  22  2:08  SCV  
  22  2:12  Factory  
  23  2:18  Refinery  
  23  2:20  SCV  
  24  2:24  Barracks Reactor  
  24  2:33  SCV  
  25  2:45  SCV  
  26  2:56  Widow Mine  
  26  2:57  SCV, Starport  
  29  2:59  Orbital Command  
  29  3:02  Marine x2  
  31  3:09  SCV  
  32  3:19  Widow Mine  
  34  3:21  SCV, Marine x2  
  34  3:25  SCV  
  38  3:31  Supply Depot  
  38  3:33  SCV, Medivac  
  41  3:37  SCV  
  41  3:40  Widow Mine  
  45  3:45  SCV  
  45  3:46  Barracks  
  45  3:49  SCV  
  45  3:51  Engineering Bay  
  45  3:54  Supply Depot  
  46  3:57  SCV  
  46  4:01  SCV  
  48  4:03  Barracks  
  48  4:09  SCV  
  49  4:10  Marine  
  49  4:12  Marine  
  49  4:13  SCV  
  51  4:17  Factory Tech Lab  
  51  4:19  Starport Tech Lab  
  51  4:21  SCV  
  51  4:25  SCV  
  51  4:26  Terran Infantry Weapons Level 1  
  51  4:28  Marine  
  51  4:30  Marine  
  51  4:33  SCV  
  51  4:36  Siege Tank  
  51  4:37  SCV  
  53  4:46  SCV  
  53  4:49  SCV  
  53  4:52  Marine  
  53  4:53  Marine  
  53  4:54  Stimpack  
  53  4:58  SCV  
  53  4:59  Marauder  
  58  5:01  SCV  
  58  5:03  Refinery  
  58  5:05  Supply Depot  
  58  5:06  Supply Depot  
  59  5:10  SCV  
  59  5:14  SCV  
  61  5:16  Combat Shield  
  61  5:22  Marine  
  61  5:23  Refinery  
  61  5:26  SCV x2, Marine  
  61  5:27  Marauder x2  
  69  5:30  Supply Depot x2  
  69  5:40  Marine  
  69  5:41  Factory Reactor  
  69  5:42  SCV x2  
  72  5:44  Marine  
  72  5:48  Marauder x2  
  72  5:49  Starport Reactor  
  77  5:53  Supply Depot  
  77  5:54  SCV  
  77  5:55  SCV  
  79  5:57  Marine  
  79  6:02  Marine  
  81  6:04  Supply Depot  
  81  6:09  Marauder x2  
  85  6:13  Supply Depot  
  85  6:16  Supply Depot  
  85  6:18  Widow Mine x2  
  89  6:23  Marine  
  89  6:24  Marine  
  91  6:26  Medivac x2  
  91  6:31  Marauder x2  
  99  6:34  Concussive Shells  
  97  6:40  Widow Mine  
  97  6:41  Widow Mine  
  97  6:44  Marine  
  97  6:45  Marine  
  101  6:52  Marauder x2  
  105  6:56  Medivac x2, Command Center  
  109  7:02  Widow Mine x2  
  109  7:03  Supply Depot  
  109  7:07  Marine x2  
  112  7:14  Marauder x2  
  111  7:23  Widow Mine x2  
  111  7:26  Marine x2  
Tags
 
Add a new tag
Caveats
  • Supply blocks, unpowered buildings, or Contaminate may cause inaccurate times.
  • Supply counts are checked every 10 seconds.